 Dungeon Crawl Stone Soup version 0.20-a0-312-g85fd691 (webtiles) character file.

13805 AlphabetPasta the Fighter (level 12, 0/104 HPs)
             Began as a Ghoul Wanderer on Dec 19, 2016.
             Was a Priest of Kikubaaqudgha.
             Killed from afar by a gargoyle (23 damage)
             ... with a stone arrow
             ... in a labyrinth.
             The game lasted 01:11:55 (10150 turns).

AlphabetPasta the Fighter (Ghoul Wanderer)         Turns: 10150, Time: 01:11:56

Health: 0/104      AC: 16    Str: 19    XL:     12   Next: 9%
Magic:  16/16      EV: 15    Int:  6    God:    Kikubaaqudgha [***...]
Gold:   417        SH:  0    Dex: 17    Spells: 15/18 levels left

rFire  . . .     SeeInvis .     w - +4 hand axe
rCold  + . .     Gourm    .     N - +4 ring mail of the Vestibule of Hell {rElec Regen+ Stlth+}
rNeg   + + +     Faith    .     (no shield)
rPois  ∞         Spirit   .     Q - +0 helmet
rElec  +         Reflect  .     M - +0 cloak
rCorr  .         Harm     .     m - +1 pair of gloves
MR     .....                    g - +0 pair of boots
Stlth  ++........               t - amulet of regeneration
                                z - +6 ring of dexterity
                                E - +3 ring of slaying

@: rotting
A: rotting body, claws 1, carnivore 3, cold resistance 1, negative energy
resistance 3, slow regeneration 1, torment resistance, unbreathing
a: Receive Corpses, Renounce Religion


You were in a labyrinth.
You worshipped Kikubaaqudgha.
Kikubaaqudgha was most pleased with you.
You were not hungry.

You visited 2 branches of the dungeon, and saw 13 of its levels.
You also visited: Labyrinth.

You collected 670 gold pieces.
You spent 253 gold pieces at shops.

Inventory:

Hand Weapons
 a - a +0 war axe
 b - a +3 hand crossbow
 w - a +4 hand axe (weapon)
Missiles
 p - 66 bolts
 q - 5 tomahawks of returning (quivered)
Armour
 g - a +0 pair of boots (worn)
 m - a +1 pair of gloves (worn)
 M - a +0 cloak (worn)
 N - the +4 ring mail of the Vestibule of Hell (worn) {rElec Regen+ Stlth+}
   (You found it on level 9 of the Dungeon)

   It insulates you from electricity.
   It increases your rate of regeneration.
   It makes you more stealthy.
 Q - a +0 helmet (worn)
Jewellery
 t - an amulet of regeneration (around neck)
 z - a +6 ring of dexterity (right hand)
 E - a +3 ring of slaying (left hand)
 P - a +1 ring of protection
Wands
 c - a wand of flame (21/48)
 x - a wand of heal wounds (6/9)
 y - a wand of lightning (4/15)
 C - a wand of confusion (19/48)
 F - a wand of flame (29/48)
 L - a wand of teleportation (5/9)
 R - a wand of iceblast (8/15)
Scrolls
 l - 2 scrolls of recharging
 u - 3 scrolls of enchant weapon
 v - 3 scrolls of remove curse
 G - 2 scrolls of teleportation
Potions
 d - a potion of invisibility {unknown}
 i - 2 potions of resistance
 j - 2 potions of magic
 r - a potion of haste
 s - 4 potions of flight
 A - a potion of lignification {unknown}
 D - 2 potions of cancellation
 S - a potion of cure mutation {unknown}
Books
 H - Kikubaaqudgha's Collected Works on Unholy Secrets
   (Kikubaaqudgha gifted it to you on level 11 of the Dungeon)

   Spells                             Type                      Level
   a - Animate Dead                   Necromancy                   4
   b - Agony                          Necromancy                   5
   c - Dispel Undead                  Necromancy                   5
   d - Simulacrum                     Ice/Necromancy               6
   e - Death Channel                  Necromancy                   6
 I - Kikubaaqudgha's Collected Works on Unholy Rites
   (Kikubaaqudgha gifted it to you on level 7 of the Dungeon)

   Spells                             Type                      Level
   a - Animate Skeleton               Necromancy                   1
   b - Pain                           Necromancy                   1
   c - Corpse Rot                     Necromancy                   2
   d - Vampiric Draining              Necromancy                   3
   e - Control Undead                 Necromancy                   4
Comestibles
 f - 7 meat rations
 h - 2 chunks of flesh
 n - 10 beef jerkies
 o - 2 royal jellies
 B - 2 slices of pizza


   Skills:
 + Level 9.1 Fighting
 * Level 7.9 Axes
 * Level 8.2 Crossbows
 - Level 1.0 Throwing
 + Level 6.0 Armour
 + Level 6.1 Dodging
 + Level 3.6 Spellcasting
 + Level 5.2 Necromancy
 + Level 5.4 Evocations


You had 15 spell levels left.
You knew the following spells:

 Your Spells              Type           Power        Failure   Level  Hunger
a - Vampiric Draining     Necr           #.........   21%         3    ####...


Dungeon Overview and Level Annotations

Branches:
Dungeon (12/15)            Temple (1/1) D:6            Lair (0/6) D:11
    Orc (0/2) D:12

Altars:
Ashenzari
Cheibriados
Dithmenos
Elyvilon
Fedhas
Gozag
Hepliaklqana
Kikubaaqudgha
Makhleb
Nemelex Xobeh
Okawaru
Qazlal
Ru
Sif Muna
Trog
Uskayaw
Vehumet
Xom
Yredelemnul
Zin
The Shining One

Shops:
D:6 !   D:8 [

Annotations:
D:3 Dysjunc's ghost, amateur SpAs


Innate Abilities, Weirdness & Mutations

Your body is rotting away.
You thrive on raw meat.
You are immune to poison.
You have sharp fingernails.
You are carnivorous and can eat meat at any time.
Your flesh is cold resistant. (rC+)
You are immune to negative energy. (rN+++)
You regenerate slowly when monsters are visible.
You are immune to unholy pain and torment.
You can survive without breathing.


Message History

The gargoyle barely misses you.
You completely miss the gargoyle.
The gargoyle is severely damaged.
You hit the gargoyle but do no damage.
The gargoyle is severely damaged.
The gargoyle hits you with a morningstar.
You closely miss the gargoyle.
The gargoyle is severely damaged.
The gargoyle hits you with a morningstar.
You hit the gargoyle.
The gargoyle is almost destroyed.
The gargoyle hurls a stone arrow at you.
The stone arrow hits you!
* * * LOW HITPOINT WARNING * * *
Eat one of 2 chunks of flesh? (ye/n/q)
You start eating one of the 2 chunks of flesh.
The gargoyle hurls a stone arrow at you.
The stone arrow hits you!
You die...
Kikubaaqudgha rasps: "You have failed me!
Welcome... oblivion!"

. .. # #.#
# . .. #.#
#. ##
######## .
. .. .....
.# . ..# .
.#9#. . #
.#.# #@###
#.# # .
.#...# #.
#
#####.###.
#.# # #.
... ...# #
# # # #
... ... ##
.. #


You could see a gargoyle.

Vanquished Creatures
  2 two-headed ogres (D:11)
  2 unseen horrors (Lab)
  An ugly thing (D:11)
  A deep elf mage (D:11)
  2 manticores
  A cyclops (D:11)
  Joseph (D:7)
  Maurice (D:8)
  3 gargoyles
  A komodo dragon (D:11)
  2 trolls (D:11)
  A hornet (D:10)
  A hippogriff (D:8)
  3 yaks (D:11)
  2 shadows (Lab)
  5 wyverns
  Eustachio (D:4)
  A steam dragon (D:11)
  A black bear (D:8)
  An ice beast (D:10)
  6 sky beasts
  9 ogres
  4 phantoms
  2 necrophages
  4 crocodiles
  7 centaurs
  A big kobold (D:8)
  A gnoll sergeant (D:11)
  4 bullfrogs
  3 scorpions
  3 killer bees (D:9)
  8 wights
  3 crimson imps
  A centaur zombie (D:6)
  2 quasits
  2 bullfrog skeletons
  4 hounds
  3 jellies
  2 centaur skeletons
  2 orc priests
  6 orc wizards
  A gnoll shaman (D:7)
  4 iguanas
  Natasha (thrice) (D:2)
  9 worker ants
  2 hound skeletons
  A hound zombie (D:7)
  A howler monkey zombie (D:6)
  7 adders
  10 gnolls
  4 shadow imps
  An ooze (D:1)
  An adder skeleton (D:9)
  4 worms
  3 dart slugs
  7 leopard geckos
  25 orcs
  2 ball pythons
  11 bats
  7 giant cockroaches
  7 goblins
  8 hobgoblins
  9 jackals
  6 quokkas
  9 frilled lizards
  A jackal skeleton (D:5)
  A jackal zombie (D:5)
  14 kobolds
  11 rats
279 creatures vanquished.

Notes
Turn   | Place    | Note
-------+----------+-------------------------------------------
     0 | D:1      | AlphabetPasta the Ghoul Wanderer began the quest for the Orb.
     0 | D:1      | AlphabetPasta set off with: a +2 hand crossbow, 30 bolts, a potion of curing, a scroll of teleportation, a +0 robe, a meat ration
     0 | D:1      | Reached XP level 1. HP: 23/23 MP: 0/0
    39 | D:1      | Reached XP level 2. HP: 29/29 MP: 1/1
   463 | D:1      | Reached XP level 3. HP: 36/36 MP: 2/2
   484 | D:1      | Reached skill level 1 in Dodging
   985 | D:2      | Reached XP level 4. HP: 40/44 MP: 3/3
  1007 | D:2      | Noticed Natasha
  1008 | D:2      | Killed Natasha
  1174 | D:2      | Noticed Natasha
  1182 | D:2      | Killed Natasha
  1182 | D:2      | Reached XP level 5. HP: 50/50 MP: 4/4
  1192 | D:2      | Noticed Natasha
  1199 | D:2      | Killed Natasha
  1433 | D:2      | Reached skill level 6 in Fighting
  2431 | D:3      | Noticed Dysjunc's ghost (amateur SpAs)
  2969 | D:4      | Reached XP level 6. HP: 15/57 MP: 5/5
  3359 | D:4      | Noticed Eustachio
  3366 | D:4      | Killed Eustachio
  3366 | D:4      | Reached XP level 7. HP: 61/64 MP: 6/6
  3644 | D:5      | Entered Level 5 of the Dungeon
  4183 | D:5      | Reached XP level 8. HP: 71/71 MP: 8/8
  4444 | D:6      | Found a staircase to the Ecumenical Temple.
  4479 | Temple   | Entered the Ecumenical Temple
  4554 | Temple   | Became a worshipper of Kikubaaqudgha
  4786 | D:6      | Found Gieppof's Distillery.
  4793 | D:6      | Bought a potion of agility for 52 gold pieces
  4793 | D:6      | Bought a potion of cancellation for 104 gold pieces
  4793 | D:6      | Bought a potion of mutation for 32 gold pieces
  4793 | D:6      | Bought a potion of heal wounds for 65 gold pieces
  4888 | D:6      | Noticed a manticore
  4896 | D:6      | Reached skill level 5 in Crossbows
  4898 | D:6      | Reached skill level 7 in Fighting
  4901 | D:6      | Killed a manticore
  4901 | D:6      | Reached skill level 1 in Necromancy
  4901 | D:6      | Reached XP level 9. HP: 22/79 MP: 9/9
  5403 | D:7      | Noticed Joseph
  5410 | D:7      | Killed Joseph
  5642 | D:7      | Reached * piety under Kikubaaqudgha
  5642 | D:7      | Identified Kikubaaqudgha's Collected Works on Unholy Rites (Kikubaaqudgha gifted it to you on level 7 of the Dungeon)
  5642 | D:7      | Received a gift from Kikubaaqudgha
  5672 | D:7      | Reached skill level 5 in Axes
  6108 | D:8      | Reached skill level 1 in Spellcasting
  6108 | D:8      | Reached XP level 10. HP: 74/88 MP: 11/11
  6130 | D:8      | Noticed Maurice
  6478 | D:8      | Reached skill level 8 in Fighting
  6520 | D:8      | Killed Maurice
  6698 | D:8      | Found Jurhuf's Armour Shoppe.
  6721 | D:9      | Reached ** piety under Kikubaaqudgha
  6758 | D:9      | Got a fine ring mail
  6769 | D:9      | Identified the +4 ring mail of the Vestibule of Hell {rElec Regen+ Stlth+} (You found it on level 9 of the Dungeon)
  6831 | D:9      | Upgraded the game from 0.20-a0-307-gd0bf4df to 0.20-a0-312-g85fd691
  6975 | D:9      | Found a sacrificial altar of Ru.
  7239 | D:10     | Entered Level 10 of the Dungeon
  7406 | D:10     | Found a snail-covered altar of Cheibriados.
  7455 | D:10     | Reached skill level 5 in Dodging
  7508 | D:10     | Reached skill level 5 in Armour
  7530 | D:10     | Noticed a gargoyle
  7539 | D:10     | Killed a gargoyle
  7545 | D:10     | Noticed a gargoyle
  7569 | D:10     | Killed a gargoyle
  8012 | D:11     | Reached XP level 11. HP: 84/95 MP: 13/13
  8231 | D:11     | Noticed a two-headed ogre
  8231 | D:11     | Noticed a brown ugly thing
  8418 | D:11     | Noticed a cyclops
  8424 | D:11     | Killed a cyclops
  8565 | D:11     | Killed a two-headed ogre
  8604 | D:11     | Killed a brown ugly thing
  8604 | D:11     | Reached skill level 5 in Evocations
  8674 | D:11     | Noticed a two-headed ogre
  8680 | D:11     | Killed a two-headed ogre
  8680 | D:11     | Reached *** piety under Kikubaaqudgha
  8680 | D:11     | Identified Kikubaaqudgha's Collected Works on Unholy Secrets (Kikubaaqudgha gifted it to you on level 11 of the Dungeon)
  8680 | D:11     | Received a gift from Kikubaaqudgha
  8686 | D:11     | Learned a level 3 spell: Vampiric Draining
  8796 | D:11     | Noticed a manticore
  8803 | D:11     | Killed a manticore
  9213 | D:11     | Reached skill level 9 in Fighting
  9229 | D:11     | Noticed a deep elf mage
  9239 | D:11     | Killed a deep elf mage
  9239 | D:11     | Reached skill level 5 in Necromancy
  9326 | D:11     | Found a staircase to the Lair.
  9492 | D:12     | Noticed an eight-headed hydra
  9493 | D:12     | Noticed a soul eater
  9503 | D:12     | Noticed a two-headed ogre
  9538 | D:12     | Found a labyrinth entrance.
  9552 | Lab      | Entered a labyrinth
  9698 | Lab      | Killed an unseen horror
  9803 | Lab      | Killed an unseen horror
  9803 | Lab      | Reached XP level 12. HP: 64/104 MP: 16/16
 10005 | Lab      | HP: 2/103 [gargoyle/stone arrow (15)]
 10150 | Lab      | Killed from afar by a gargoyle

Vault maps used:
D:1:      doesnt_arrival_goblin_jail, minmay_misc_feat_cross
D:2:      serial_forest, infiniplex_forest_lined_room_2,
          infiniplex_forest_clump_long, infiniplex_forest_clump_curved,
          infiniplex_forest_zigzag_1, infiniplex_forest_end_1, first_bread,
          uniq_natasha
D:3:      minmay_stone_trees_medium
D:4:      uniq_eustachio
D:6:      minmay_opposing_rooms, serial_shops, shop
D:7:      serial_corexii_hall, corexii_hall_statues_s, corexii_hall_statues_l,
          uniq_joseph
D:8:      serial_shops, nicolae_shop_behind_doors, grunt_ogre_cave, uniq_maurice
D:9:      lemuel_tele_altar
D:10:     basic_altar
D:11:     erik_lair_dragon
D:12:     david_orc_4, lab_entry_generic, portal_ice_cave_entry_pillars_2,
          basic_altar, minivault_25, uniq_kirke, uniq_snorg
Temple:   grunt_wide_crystal_templ
Lab:      labyrinth_mini_lab, nicolae_lab_garden, nicolae_lab_do_over,
          nicolae_lab_dead_end, nicolae_lab_hexagon, lab_block, lab_statue,
          nicolae_lab_flowing_pool, nicolae_lab_plus, lab_fountain,
          labyrinth_lava_lair

Skill      XL: |  1  2  3  4  5  6  7  8  9 10 11 12 |
---------------+-------------------------------------+-----
Dodging        | 1 2 3 4 5 6 |  6.1
Crossbows      | 2 3 4 5 6 7 8 |  8.2
Armour         | 2 3 4 5 6 |  6.0
Fighting       | 6 7 8 9 |  9.1
Axes           | 2 4 5 6 7 |  7.9
Evocations     | 2 3 4 5 |  5.4
Necromancy     | 1 3 4 5 |  5.2
Spellcasting   | 1 2 3 |  3.6
Throwing       | |  1.0

Action                   |  1- 3 |  4- 6 |  7- 9 | 10-12 || total
-------------------------+-------+-------+-------+-------++-------
Melee: Trident           |       |    56 |       |       ||    56
       War axe           |       |     2 |     8 |    41 ||    51
       Hand axe          |       |       |   192 |   442 ||   634
 Fire: Hand crossbow     |    78 |   102 |    77 |   119 ||   376
Throw: Tomahawk          |       |     8 |     7 |     4 ||    19
Invok: Receive Corpses   |       |       |       |     2 ||     2
  Use: Scroll            |     4 |     7 |     6 |     5 ||    22
       Potion            |       |       |     6 |     5 ||    11
 Stab: Sleeping          |       |       |       |     4 ||     4
  Eat: Chunk             |    20 |    47 |    73 |   141 ||   281
Armor: Robe              |     5 |    30 |       |       ||    35
       Ring mail         |       |       |    26 |   188 ||   214
       Chain mail        |       |       |    93 |    51 ||   144
Dodge: Dodged            |    12 |    50 |   140 |   317 ||   519
